 Dungeon Crawl Stone Soup version 0.31-a0-175-g9f7f995f2b (webtiles) character file.

Game seed: 4347477788594105296

13643 qw the Blocker (level 12, -5/73 HPs)
             Began as a Gargoyle Fighter on June 16, 2023.
             Slain by Snorg (23 damage)
             ... on level 11 of the Dungeon.
             The game lasted 00:04:32 (10167 turns).

qw the Blocker (Gargoyle Fighter)                  Turns: 10167, Time: 00:04:32

Health: -5/73      AC: 28    Str: 27    XL:     12   Next: 8%
Magic:  12/12      EV:  7    Int: 13    God:
Gold:   455        SH: 16    Dex:  7    Spells: 11/11 levels left

rFire   . . .        Y - +1 war axe (freeze)
rCold   + . .        o - +0 kite shield
rNeg    + . .        b - +3 plate armour
rPois   inf          (helmet restricted)
rElec   +            (no cloak)
rCorr   .            (no gloves)
SInv    .            h - +2 pair of boots
Will    .....        m - amulet of reflection Stlth
                     i - ring of protection from cold
HPRegen 0.32/turn    (no ring)
MPRegen 0.13/turn

%: reflection
@: about to teleport
A: sickness immunity, AC +8, negative energy resistance 1, electricity
resistance, torment resistance 1, petrification resistance, horns 1, clever 1,
strong 1
a: no special abilities


You were on level 11 of the Dungeon.
You visited 2 branches of the dungeon, and saw 12 of its levels.

You collected 602 gold pieces.
You spent 147 gold pieces at shops.


Innate Abilities, Weirdness & Mutations

You are immune to sickness and miasma.
Your stone body is resilient. (AC +8)
You are immune to poison.
You resist negative energy. (rN+)
You are resistant to electric shocks. (rElec)
You are resistant to unholy torment.
You are immune to petrification.
You have a pair of small horns on your head.
Your mind is acute. (Int +4, Str/Dex -1)
Your muscles are strong. (Str +4, Int/Dex -1)


   Skills:
 - Level 8.0 Fighting
 - Level 11.0 Axes
 - Level 3.5 Throwing
 + Level 6.8 Armour
 - Level 1.0 Dodging
 - Level 13.8 Shields


You had 11 spell levels left.
You didn't know any spells.
Your spell library was empty.

Inventory:

Hand Weapons
 u - a +0 morningstar
 Y - a +1 war axe of freezing (weapon)
Missiles
 g - 8 boomerangs (quivered)
Armour
 b - a +3 plate armour (worn)
 h - a +2 pair of boots (worn)
 o - a +0 kite shield (worn)
 p - +0 acid dragon scales
Jewellery
 i - a ring of protection from cold (left hand)
 m - an amulet of reflection (around neck)
Wands
 j - a wand of digging (11)
Scrolls
 c - 3 scrolls of teleportation
 f - a scroll of identify
Potions
 a - 2 potions of magic
 d - 2 potions of might
 e - a potion of resistance {unknown}
 k - 2 potions of curing
 l - 3 potions of mutation
 n - a potion of haste
 q - 2 potions of cancellation {unknown}
 t - a potion of attraction

Dungeon Overview and Level Annotations

Branches:
Dungeon (11/15)            Temple (1/1) D:5            Lair (0/5) D:10
    Orc: D:9-12

Altars:
Ashenzari
Cheibriados
Dithmenos
Elyvilon
Fedhas
Gozag
Hepliaklqana
Kikubaaqudgha
Makhleb
Nemelex Xobeh
Okawaru
Qazlal
Ru
Sif Muna
Trog
Uskayaw
Vehumet
Wu Jian
Xom
Yredelemnul
Zin
The Shining One

Shops:
D:4 ?   D:9 :(*

Portals:
Bailey: D:7

Annotations:
D:3 1 runed translucent door, Crazy Yiuf
D:11 Snorg


Message History

Snorg is lightly wounded.
You block Snorg's attack. x2; Snorg claws you.
You hit Snorg. You freeze Snorg.
Snorg is lightly wounded.
Snorg bites you! You block Snorg's attack. Snorg claws you!
You slash Snorg! You freeze Snorg. Your headbutt misses Snorg.
Snorg is moderately wounded.
You block Snorg's attack.
Snorg claws you. x2; You block Snorg's attack.
Snorg claws you. Snorg completely misses you.
You slash Snorg! You freeze Snorg. You headbutt Snorg.
Snorg is moderately wounded.
You block Snorg's attack. Snorg claws you but does no damage.
You block Snorg's attack.
You closely miss Snorg. Your headbutt misses Snorg.
Snorg is moderately wounded.
You block Snorg's attack. x2; Snorg claws you but does no damage.
You block Snorg's attack. Snorg claws you but does no damage. x2
You closely miss Snorg.
Snorg is moderately wounded.
Snorg bites you. You block Snorg's attack. Snorg completely misses you.
You slash Snorg! You freeze Snorg. Your headbutt misses Snorg.
Snorg is heavily wounded.
You block Snorg's attack. Snorg claws you but does no damage. x2
You block Snorg's attack. x2; Snorg claws you.
You slash Snorg! You freeze Snorg.
Snorg is heavily wounded.
You block Snorg's attack. x2; Snorg barely misses you.
You closely miss Snorg. Your headbutt misses Snorg.
Snorg is heavily wounded.
Snorg bites you but does no damage. Snorg barely misses you.
You block Snorg's attack. x2; Snorg claws you!
Snorg claws you.
10166 ||| READING 4 scrolls of teleportation.
As you read the scroll of teleportation, it crumbles to dust.
You feel strangely unstable. Snorg bites you but does no damage.
Snorg claws you but does no damage. Snorg barely misses you.
You hit Snorg. You freeze Snorg. Your headbutt misses Snorg.
Snorg is heavily wounded.
Snorg bites you!!
You die...

#..# #..# #..# #..#
#..# #..##########
#..####............
#..................
#.............#.#.
..######.....# .
#.....# #..T@.#
#.../.# >.((.......
######.......
#.........
#.........
#.........
..........


You could see Snorg (berserk).

Vanquished Creatures
  Harold (D:11)
  3 two-headed ogres (D:10)
  A manticore (D:9)
  Joseph (D:9)
  2 gargoyles (D:10)
  An unseen horror zombie (D:9)
  An efreet (D:10)
  Prince Ribbit (D:9)
  Grinder (D:3)
  A shadow (D:9)
  6 yaks
  A wyvern (D:9)
  A wraith (D:8)
  Eustachio (D:4)
  2 steam dragons (D:8)
  An acid dragon (D:10)
  A water moccasin (D:7)
  A hornet zombie (D:9)
  2 orc warriors (D:8)
  A black bear (D:6)
  An ice beast (D:7)
  An ogre (D:6)
  6 centaurs
  4 kobold brigands
  5 bullfrogs
  A gnoll sergeant (D:9)
  2 scorpions (D:5)
  9 wights
  4 killer bees
  3 howler monkeys
  A centaur zombie (D:9)
  2 orc priests
  A gnoll bouda (D:6)
  7 hounds
  2 jellies
  11 orc wizards
  2 howler monkey zombies (D:9)
  6 adders
  14 gnolls
  3 white imps
  3 dart slugs
  25 orcs
  4 ball pythons
  9 bats
  3 endoplasms
  2 giant cockroaches (D:4)
  7 goblins
  10 hobgoblins
  2 jackals (D:5)
  30 kobolds
  2 quokkas
  2 frilled lizards
  2 rats (D:1)
216 creatures vanquished.

Vanquished Creatures (others)
  A kobold brigand (D:8)
  An orc wizard (D:8)
  A kobold (D:8)
3 creatures vanquished.

Grand Total: 219 creatures vanquished

Notes
Turn   | Place    | Note
-------+----------+-------------------------------------------
     0 | D:1      | qw the Gargoyle Fighter began the quest for the Orb.
     0 | D:1      | Reached XP level 1. HP: 14/14 MP: 1/1
     0 | D:1      | 0 ||| qw: Version: 0.2-a-29-g511e9b1
     0 | D:1      | 0 ||| qw: Game counter: 5710
     0 | D:1      | 0 ||| qw: Always use a shield: true
     0 | D:1      | 0 ||| qw: God list: Okawaru
     0 | D:1      | 0 ||| qw: Allow faded altars: false
     0 | D:1      | 0 ||| qw: Do Orc after D:15 true
     0 | D:1      | 0 ||| qw: Do second Lair branch before Depths: true
     0 | D:1      | 0 ||| qw: Lair rune preference: random
     0 | D:1      | 0 ||| qw: Plans: Normal, Zot:1-4, Slime:5, God:TSO, Crypt,
                  | Tomb, Abyss, Pan, Hells, Win
     0 | D:1      | 0 ||| PLANNING D:1-11
    53 | D:1      | 53 ||| Stepping ~*~*~tactically~*~*~ (stealth).
   111 | D:1      | Reached XP level 2. HP: 14/19 MP: 2/2
   455 | D:1      | 455 ||| READING scroll labelled ZEDUYM WATISA.
   456 | D:1      | 456 ||| READING scroll labelled LEX IJAFUZ.
   465 | D:2      | Reached skill level 3 in Axes
   499 | D:2      | Reached XP level 3. HP: 23/23 MP: 3/3
   842 | D:2      | 842 ||| Stepping ~*~*~tactically~*~*~ (stealth).
   843 | D:2      | 843 ||| Stepping ~*~*~tactically~*~*~ (stealth).
   845 | D:2      | 845 ||| Stepping ~*~*~tactically~*~*~ (stealth).
   847 | D:2      | 847 ||| Stepping ~*~*~tactically~*~*~ (stealth).
  1075 | D:2      | 1075 ||| Stepping ~*~*~tactically~*~*~ (hiding).
  1442 | D:2      | 1442 ||| READING 4 scrolls labelled TOKERR VUOL.
  1443 | D:2      | 1443 ||| READING scroll labelled ULOGORACOU.
  1444 | D:2      | 1444 ||| READING scroll labelled WIOJAT XOUJ.
  1445 | D:2      | 1445 ||| READING scroll labelled GEKHLEI VEBBAWK.
  1498 | D:3      | Noticed Grinder
  1507 | D:3      | Killed Grinder
  1508 | D:3      | Reached XP level 4. HP: 20/28 MP: 4/4
  1508 | D:3      | Reached XP level 5. HP: 23/32 MP: 5/5
  1712 | D:3      | 1712 ||| Stepping ~*~*~tactically~*~*~ (stealth).
  1714 | D:3      | 1714 ||| Stepping ~*~*~tactically~*~*~ (hiding).
  1727 | D:3      | Reached XP level 6. HP: 26/38 MP: 6/6
  1788 | D:3      | 1788 ||| DROPPING +0 club.
  2102 | D:3      | 2102 ||| Stepping ~*~*~tactically~*~*~ (hiding).
  2253 | D:3      | Found an ancient bone altar of Kikubaaqudgha.
  2259 | D:3      | Reached skill level 1 in Dodging
  2270 | D:3      | Found a radiant altar of Vehumet.
  2361 | D:3      | Found a shimmering blue altar of Sif Muna.
  2478 | D:3      | Found a runed translucent door.
  2479 | D:3      | Noticed Crazy Yiuf
  2482 | D:3      | 2482 ||| UPGRADING to +0 pair of boots.
  2487 | D:3      | 2487 ||| UPGRADING to +0 chain mail.
  2497 | D:3      | 2497 ||| DROPPING +0 scale mail.
  2498 | D:3      | 2498 ||| READING 3 scrolls of enchant armour.
  2498 | D:3      | 2498 ||| ENCHANTING +0 pair of boots.
  2499 | D:3      | 2499 ||| READING 2 scrolls of enchant armour.
  2499 | D:3      | 2499 ||| ENCHANTING +1 pair of boots.
  2500 | D:3      | 2500 ||| UPGRADING to ring of protection from cold.
  2501 | D:3      | 2501 ||| READING 2 scrolls labelled COR YPITOO.
  2502 | D:3      | 2502 ||| DRINKING 2 red potions.
  2502 | D:3      | Gained mutation: You have a pair of small horns on your
                  | head. [potion of mutation]
  2502 | D:3      | Gained mutation: Your muscles are strong. (Str +4, Int/Dex
                  | -1) [potion of mutation]
  2502 | D:3      | Gained mutation: Your mind is acute. (Int +4, Str/Dex -1)
                  | [potion of mutation]
  2584 | D:4      | 2584 ||| Stepping ~*~*~tactically~*~*~ (stealth).
  2597 | D:4      | Reached skill level 6 in Axes
  2627 | D:4      | Reached XP level 7. HP: 25/43 MP: 7/7
  2967 | D:4      | Found a shadowy altar of Dithmenos.
  2970 | D:4      | Found a glowing golden altar of the Shining One.
  2973 | D:4      | Found a glowing silver altar of Zin.
  2976 | D:4      | Found an iron altar of Okawaru.
  2977 | D:4      | 2977 ||| PLANNING OKAWARU WORSHIP
  2977 | D:4      | 2977 ||| UPGRADING to +0 plate armour.
  2987 | D:4      | 2987 ||| DROPPING +0 chain mail.
  2988 | D:4      | 2988 ||| READING scroll of enchant armour.
  2988 | D:4      | 2988 ||| ENCHANTING +0 plate armour.
  2989 | D:4      | 2989 ||| READING scroll labelled AFEFUA ZIVOT.
  2998 | D:4      | 2998 ||| READING scroll labelled BAHUUB CAROUSU.
  2999 | D:4      | 2999 ||| READING 2 scrolls of identify.
  2999 | D:4      | 2999 ||| IDENTIFYING lumpy amethyst potion
  3000 | D:4      | 3000 ||| DROPPING potion of ambrosia.
  3001 | D:4      | 3001 ||| Stepping randomly (stuck).
  3002 | D:4      | 3002 ||| PLANNING D:1-11
  3127 | D:4      | Noticed Eustachio
  3172 | D:4      | 3172 ||| Stepping ~*~*~tactically~*~*~ (stealth).
  3174 | D:4      | Killed Eustachio
  3183 | D:4      | 3183 ||| READING scroll of enchant armour.
  3183 | D:4      | 3183 ||| ENCHANTING +1 plate armour.
  3243 | D:4      | 3243 ||| Stepping ~*~*~tactically~*~*~ (hiding).
  3951 | D:4      | Found Yfarustro's Magic Scroll Shoppe.
  3960 | D:4      | 3960 ||| BUYING scroll of enchant armour (97 gold).
  3960 | D:4      | Bought a scroll of enchant armour for 97 gold pieces
  3960 | D:4      | 3960 ||| SHOPLISTING scroll of enchant armour (97 gold,
                  | have 42).
  3960 | D:4      | 3960 ||| BUYING scroll of identify (26 gold).
  3960 | D:4      | Bought a scroll of identify for 26 gold pieces
  3960 | D:4      | 3960 ||| SHOPLISTING scroll of teleportation (39 gold, have
                  | 16).
  3960 | D:4      | 3960 ||| READING scroll of enchant armour.
  3960 | D:4      | 3960 ||| ENCHANTING +2 plate armour.
  4005 | D:4      | 4005 ||| DROPPING scarf of harm.
  4006 | D:4      | 4006 ||| READING 2 scrolls of identify.
  4006 | D:4      | 4006 ||| IDENTIFYING golden potion
  4035 | D:5      | Entered Level 5 of the Dungeon
  4037 | D:5      | 4037 ||| Stepping ~*~*~tactically~*~*~ (hiding).
  4038 | D:5      | 4038 ||| Stepping ~*~*~tactically~*~*~ (hiding).
  4326 | D:5      | 4326 ||| Stepping ~*~*~tactically~*~*~ (hiding).
  4487 | D:5      | Reached XP level 8. HP: 49/49 MP: 8/8
  4501 | D:5      | Reached skill level 1 in Throwing
  4831 | D:5      | Found a staircase to the Ecumenical Temple.
  4832 | D:5      | 4832 ||| PLANNING TEMPLE
  4832 | D:5      | 4832 ||| DROPPING ring of wizardry.
  4837 | Temple   | Entered the Ecumenical Temple
  5092 | Temple   | 5092 ||| PLANNING D:1-11
  5245 | D:5      | 5245 ||| Stepping randomly (stuck).
  5292 | D:6      | 5292 ||| Stepping ~*~*~tactically~*~*~ (hiding).
  5293 | D:6      | 5293 ||| Stepping ~*~*~tactically~*~*~ (hiding).
  5392 | D:6      | 5392 ||| Stepping ~*~*~tactically~*~*~ (stealth).
  5393 | D:6      | 5393 ||| Stepping ~*~*~tactically~*~*~ (stealth).
  5402 | D:6      | 5402 ||| Stepping ~*~*~tactically~*~*~ (stealth).
  5405 | D:6      | 5405 ||| Stepping ~*~*~tactically~*~*~ (stealth).
  5407 | D:6      | 5407 ||| Stepping ~*~*~tactically~*~*~ (stealth).
  5408 | D:6      | 5408 ||| Stepping ~*~*~tactically~*~*~ (stealth).
  5457 | D:6      | 5457 ||| Stepping ~*~*~tactically~*~*~ (stealth).
  5827 | D:6      | 5827 ||| Stepping ~*~*~tactically~*~*~ (hiding).
  5835 | D:6      | Reached skill level 6 in Fighting
  6060 | D:6      | 6060 ||| UPGRADING to +0 kite shield.
  6070 | D:6      | 6070 ||| DROPPING +0 buckler.
  6071 | D:6      | 6071 ||| READING 4 scrolls of identify.
  6071 | D:6      | 6071 ||| IDENTIFYING sapphire potion
  6072 | D:6      | 6072 ||| READING 3 scrolls of identify.
  6072 | D:6      | 6072 ||| IDENTIFYING brown potion
  6073 | D:6      | 6073 ||| READING 2 scrolls of identify.
  6073 | D:6      | 6073 ||| IDENTIFYING bubbling amethyst potion
  6074 | D:6      | 6074 ||| DROPPING potion of degeneration.
  6213 | D:7      | Reached skill level 4 in Shields
  6265 | D:7      | Found a flagged portal.
  6339 | D:7      | Reached XP level 9. HP: 55/55 MP: 9/9
  6345 | D:7      | Reached skill level 5 in Shields
  6387 | D:7      | Identified the +1 scale mail "Zaoxi" {Dex+4}
  6454 | D:7      | Reached skill level 6 in Shields
  6584 | D:7      | 6584 ||| UPGRADING to amulet of reflection.
  6589 | D:7      | 6589 ||| READING 2 scrolls labelled SEACLU ZEIXO.
  6690 | D:7      | 6690 ||| DROPPING scroll of silence.
  6831 | D:8      | Reached skill level 7 in Shields
  6890 | D:8      | 6890 ||| Stepping ~*~*~tactically~*~*~ (stealth).
  6895 | D:8      | 6895 ||| Stepping ~*~*~tactically~*~*~ (stealth).
  6896 | D:8      | 6896 ||| Stepping ~*~*~tactically~*~*~ (stealth).
  6971 | D:8      | 6971 ||| Stepping ~*~*~tactically~*~*~ (stealth).
  6997 | D:8      | 6997 ||| Stepping ~*~*~tactically~*~*~ (stealth).
  6998 | D:8      | 6998 ||| Stepping ~*~*~tactically~*~*~ (stealth).
  7012 | D:8      | 7012 ||| Stepping ~*~*~tactically~*~*~ (cloud).
  7019 | D:8      | Reached skill level 8 in Shields
  7035 | D:8      | 7035 ||| FLEEEEING.
  7036 | D:8      | 7036 ||| FLEEEEING.
  7037 | D:8      | 7037 ||| FLEEEEING.
  7038 | D:8      | 7038 ||| FLEEEEING.
  7039 | D:8      | 7039 ||| FLEEEEING.
  7294 | D:8      | Reached skill level 9 in Axes
  7319 | D:8      | Found a white marble altar of Elyvilon.
  7341 | D:8      | Found an opulent altar of Gozag.
  7351 | D:8      | Reached XP level 10. HP: 61/61 MP: 10/10
  7488 | D:8      | 7488 ||| Stepping ~*~*~tactically~*~*~ (hiding).
  7522 | D:8      | 7522 ||| Stepping ~*~*~tactically~*~*~ (stealth).
  7541 | D:8      | 7541 ||| DROPPING +0 flail.
  7730 | D:8      | 7730 ||| READING scroll labelled LUQ MOLAMEURE.
  7731 | D:8      | 7731 ||| READING scroll labelled BOWKUZ RITAOSOLL.
  7732 | D:8      | 7732 ||| DRINKING 2 sedimented grey potions.
  7733 | D:8      | 7733 ||| READING 3 scrolls of identify.
  7733 | D:8      | 7733 ||| IDENTIFYING coppery potion
  7734 | D:8      | 7734 ||| DRINKING potion of experience.
  7734 | D:8      | Reached skill level 13 in Shields
  7734 | D:8      | Reached XP level 11. HP: 67/67 MP: 11/11
  7735 | D:8      | 7735 ||| READING 2 scrolls of identify.
  7735 | D:8      | 7735 ||| IDENTIFYING blue potion
  7736 | D:8      | 7736 ||| DROPPING potion of brilliance.
  7762 | D:9      | 7762 ||| STAIRDANCE
  7813 | D:9      | Noticed Prince Ribbit
  7827 | D:9      | Killed Prince Ribbit
  7828 | D:9      | 7828 ||| FLEEEEING.
  7829 | D:9      | 7829 ||| FLEEEEING.
  7830 | D:9      | 7830 ||| FLEEEEING.
  7966 | D:9      | Found Guntio's Weapon Shop.
  7969 | D:9      | 7969 ||| Stepping ~*~*~tactically~*~*~ (stealth).
  8017 | D:9      | 8017 ||| Stepping ~*~*~tactically~*~*~ (stealth).
  8018 | D:9      | 8018 ||| Stepping ~*~*~tactically~*~*~ (stealth).
  8041 | D:9      | HP: 14/67 [yak (9)]
  8042 | D:9      | 8042 ||| READING 3 scrolls of teleportation.
  8043 | D:9      | 8043 ||| DRINKING potion of heal wounds.
  8246 | D:9      | 8246 ||| Stepping ~*~*~tactically~*~*~ (stealth).
  8358 | D:9      | Noticed Joseph
  8359 | D:9      | 8359 ||| Stepping ~*~*~tactically~*~*~ (hiding).
  8371 | D:9      | Killed Joseph
  8372 | D:9      | Reached skill level 6 in Armour
  8439 | D:9      | 8439 ||| Stepping ~*~*~tactically~*~*~ (hiding).
  8441 | D:9      | 8441 ||| Stepping ~*~*~tactically~*~*~ (hiding).
  8574 | D:9      | Noticed a manticore
  8586 | D:9      | Killed a manticore
  8678 | D:9      | Found Letutab's General Store.
  8687 | D:9      | 8687 ||| BUYING scroll of identify (24 gold).
  8687 | D:9      | Bought a scroll of identify for 24 gold pieces
  8746 | D:9      | Found Meryvici's Book Shoppe.
  8939 | D:9      | 8939 ||| READING scroll labelled CEWIJUWUWK.
  8940 | D:9      | 8940 ||| READING 3 scrolls labelled TISUXZ YWUBUOL.
  8941 | D:9      | 8941 ||| READING 2 scrolls of identify.
  8941 | D:9      | 8941 ||| IDENTIFYING pink potion
  8942 | D:9      | 8942 ||| DROPPING 2 scrolls of summoning.
  8952 | D:10     | Entered Level 10 of the Dungeon
  8971 | D:10     | Noticed a two-headed ogre
  8977 | D:10     | Killed a two-headed ogre
  8978 | D:10     | Reached skill level 3 in Throwing
  9039 | D:10     | 9039 ||| Stepping ~*~*~tactically~*~*~ (stealth).
  9041 | D:10     | 9041 ||| Stepping ~*~*~tactically~*~*~ (hiding).
  9142 | D:10     | Found a staircase to the Lair.
  9152 | D:10     | Identified the +1 scale mail "Asmyaf" {Int+5 Dex-2 Slay+5}
  9277 | D:10     | Noticed a two-headed ogre
  9283 | D:10     | Killed a two-headed ogre
  9859 | D:11     | Noticed a two-headed ogre
  9863 | D:11     | 9863 ||| STAIRDANCE
  9867 | D:10     | Killed a two-headed ogre
  9868 | D:10     | Reached XP level 12. HP: 34/73 MP: 12/12
 10017 | D:11     | Noticed Harold
 10033 | D:11     | Killed Harold
 10153 | D:11     | Noticed Snorg
 10165 | D:11     | HP: 17/73 [Snorg (4)]
 10166 | D:11     | 10166 ||| READING 4 scrolls of teleportation.
 10167 | D:11     | Slain by Snorg

Levels and vault maps discovered:
D:1:      dpeg_arrival_rooms_a, layout_rooms, nrook_mini_vaults
D:2:      layout_basic, grunt_ministairs_2
D:3:      layout_loops_ring, palyth_temple_overflow_mages, uniq_grinder,
          uniq_crazy_yiuf_cottage
D:4:      layout_layer_cave, grunt_temple_overflow_cloverleaf, serial_shops,
          shop, uniq_eustachio
D:5:      layout_loops_ring, temple_doors_ab
D:6:      layout_loops_cross
D:7:      layout_basic, enter_bailey_5
D:8:      layout_loops_ring, mainiacjoe_overflow_large_starburst,
          solitary_fountain, chequers_serial_rivers_room_b,
          minmay_quadrilaterals
D:9:      layout_long_grid, serial_shops, shop_fountains, shop, shop,
          serial_undead, serial_undead_d, serial_undead_f, serial_undead_b,
          serial_undead_c, minmay_misc_feat_nine_boxes, uniq_prince_ribbit1,
          uniq_joseph
D:10:     layout_long_grid, lair_entry_dummy
D:11:     evilmike_library_of_no_secrets, layout_long_grid,
          minmay_misc_feat_rows, uniq_snorg, uniq_nergalle, uniq_harold
Temple:   oiseaux_autumnal_temple

Skill      XL: |  1  2  3  4  5  6  7  8  9 10 11 |
---------------+----------------------------------+-----
Axes           | 2 3 5 6 7 8 9 11 | 11.0
Fighting       | 4 5 6 7 8 |  8.0
Dodging        | 1 |  1.0
Armour         | 4 5 6 |  6.8
Throwing       | 2 3 |  3.5
Shields        | 4 8 13 | 13.8

Action                     |  1- 3 |  4- 6 |  7- 9 | 10-12 || total
---------------------------+-------+-------+-------+-------++-------
  Melee: War axe           |   105 |    75 |   305 |   211 ||   696
         Headbutt          |       |     3 |    46 |    33 ||    82
  Throw: Boomerang         |    11 |    19 |    33 |    15 ||    78
         Javelin           |       |       |    28 |    25 ||    53
    Use: Scroll            |     6 |     3 |    11 |     9 ||    29
         Potion            |       |     1 |       |     3 ||     4
 Armour: Scale mail        |    64 |    20 |       |       ||    84
         Chain mail        |       |    46 |     8 |       ||    54
         Plate armour      |       |       |   240 |    91 ||   331
  Dodge: Dodged            |    58 |    27 |   101 |    49 ||   235
  Block: Buckler           |    27 |    11 |    35 |       ||    73
         Kite shield       |       |       |    88 |   191 ||   279
         Reflection        |       |       |     7 |    14 ||    21

Table legend:
 A = Non-vault XP
 B = Vault XP
 C = Vault XP percentage of total XP
 D = Non-vault monster count
 E = Vault monster count
 F = Vault count percentage of total count
                 A         B        C        D         E       F
            +---------+---------+-------+---------+---------+-------
      Total |   10861 |    3424 |  24.0 |     192 |      26 |  11.9
            +---------+---------+-------+---------+---------+-------
        D:1 |      28 |       0 |   0.0 |      17 |       0 |   0.0
        D:2 |      16 |       3 |  15.8 |       8 |       2 |  20.0
        D:3 |      87 |     369 |  80.9 |      14 |       4 |  22.2
        D:4 |     254 |     191 |  42.9 |      18 |       1 |   5.3
        D:5 |     483 |       0 |   0.0 |      22 |       0 |   0.0
        D:6 |     741 |       0 |   0.0 |      18 |       0 |   0.0
        D:7 |     673 |       7 |   1.0 |      14 |       4 |  22.2
        D:8 |    2224 |     378 |  14.5 |      38 |       4 |   9.5
        D:9 |    2557 |    1603 |  38.5 |      32 |      10 |  23.8
       D:10 |    3798 |       0 |   0.0 |      11 |       0 |   0.0
       D:11 |       0 |     873 | 100.0 |       0 |       1 | 100.0
            +---------+---------+-------+---------+---------+-------
